 Dungeon Crawl Stone Soup version 0.19-a0-1201-gda63bca (webtiles) character file.

2569 epen the Martial Artist (level 9, -10/73 HPs)
             Began as a Merfolk Monk on Aug 20, 2016.
             Was a Believer of Cheibriados.
             Killed from afar by Erica (19 damage)
             ... with an orb of energy
             ... on level 8 of the Dungeon.
             The game lasted 00:12:36 (6444 turns).

epen the Martial Artist (Merfolk Monk)              Turns: 6444, Time: 00:12:37

Health: -10/73     AC:  5    Str: 17    XL:     9   Next: 57%
Magic:  9/9        EV: 29    Int: 18    God:    Cheibriados [**....]
Gold:   367        SH:  0    Dex: 26    Spells: 0 memorised, 8 levels left

rFire  . . .     SeeInvis .     l - +4 dagger "Durph" {elec, rC- rN+ Int+4}
rCold  x . .     Gourm    .     a - +1 robe
rNeg   + . .     Faith    .     (no shield)
rPois  .         Spirit   .     C - +2 hat
rElec  .         Dismiss  .     (no cloak)
rCorr  .         Reflect  .     (no gloves)
MR     .....     Harm     .     (no boots)
Stlth  ++++......               d - amulet of regeneration
                                g - +2 ring of evasion
                                (no ring)

@: agile, lethally poisoned (-10 -> -12), flying, slowed, very slow
A: change form in water, swift swim
a: Bend Time, Renounce Religion


You were on level 8 of the Dungeon.
You worshipped Cheibriados.
Cheibriados was pleased with you.
You were not hungry.

You visited 2 branches of the dungeon, and saw 9 of its levels.
You also visited: Sewer.

You collected 367 gold pieces.

Inventory:

Hand Weapons
 l - the +4 dagger "Durph" (weapon) {elec, rC- rN+ Int+4}
   (You took it off an orc wizard on level 3 of the Dungeon)

   Occasionally, upon striking a foe, it will discharge some electrical energy
   and cause terrible harm.
   It affects your intelligence (+4).
   It makes you vulnerable to cold.
   It protects you from negative energy.
Armour
 a - a +1 robe (worn)
 C - a +2 hat (worn)
Jewellery
 c - an uncursed amulet of rage
 d - an amulet of regeneration (around neck)
 g - a +2 ring of evasion (right hand)
 n - an uncursed ring of ice
Scrolls
 e - 4 scrolls of blinking {unknown}
 f - 4 scrolls of remove curse
 h - 4 scrolls of teleportation
 j - a scroll of fear
 y - 2 scrolls of identify
 z - a scroll of enchant armour
 A - a scroll of amnesia {unknown}
Potions
 i - 2 potions of mutation {unknown}
 k - 3 potions of lignification {unknown}
 m - 4 potions of flight
 o - 3 potions of degeneration {unknown}
 p - 2 potions of brilliance {unknown}
 r - a potion of curing
 s - 4 potions of heal wounds {unknown}
 t - 2 potions of might {unknown}
 u - 2 potions of agility
 w - 2 potions of cancellation {unknown}
Comestibles
 b - 5 bread rations
 q - a meat ration
 v - 2 slices of pizza
 x - 3 beef jerkies


   Skills:
 + Level 7.6 Fighting
 + Level 9.4 Dodging
 - Level 2.1 Stealth
 * Level 10.2 Unarmed Combat


You had 8 spell levels left.
You didn't know any spells.

Dungeon Overview and Level Annotations

Branches:
Dungeon (8/15)             Temple (1/1) D:7
   Lair: D:8-11

Altars:
Cheibriados
Dithmenos
Elyvilon
Fedhas
Gozag
Hepliaklqana
Kikubaaqudgha
Makhleb
Nemelex Xobeh
Okawaru
Qazlal
Ru
Sif Muna
Trog
Uskayaw
Vehumet
Xom
Zin
The Shining One

Shops:
D:4 *   D:7 :

Annotations:
D:5 1 runed door
D:8 Erica


Message History

You feel yourself slow down.
It was a potion of flight.
You feel very buoyant.
You fly up into the air.
Something barely misses you. Something hits you. Something burns you.
You feel better. Something hits you but does no damage.
You feel agile all of a sudden.
You hear some strange, mumbled words.
An orb of energy appears from out of thin air!
The orb of energy misses you.
The orb of energy explodes!
You closely miss something.
You hear some strange, mumbled words.
A bolt of poison appears from out of thin air!
The bolt of poison hits you!
You are poisoned.
* * * LOW HITPOINT WARNING * * *
You hear some strange, mumbled words.
An orb of energy appears from out of thin air!
The orb of energy hits you!
You die...

#. #.###.##
.. #......#
## #####.##
#[# #.# #.#
#.# #.# .
#@# ... #{#
.....#.###
..........#
....#.###.#
.. #. ... #
.##.# .# #
##


There were no monsters in sight!

Vanquished Creatures
  The ghost of Aquadorian the Basher, a novice DsFi (Sewer)
  Grinder (D:6)
  The ghost of Malvoorn the Slasher, an amateur MiBe of Trog (D:4)
  A water moccasin (D:5)
  A black bear (D:7)
  An ogre (D:4)
  A phantom (D:7)
  A centaur (D:7)
  3 big kobolds (Sewer)
  2 giant frogs (D:6)
  A scorpion (D:5)
  4 wights (D:7)
  4 howler monkeys
  A crimson imp (D:5)
  2 hounds (D:7)
  3 orc priests
  3 iguanas
  4 orc wizards
  4 worker ants
  2 worker ant zombies
  3 gnolls (D:6)
  9 adders
  2 shadow imps (D:7)
  2 oozes (Sewer)
  An adder skeleton (D:7)
  2 dart slugs
  14 orcs
  4 ball pythons
  8 bats
  9 giant cockroaches
  6 goblins
  8 hobgoblins
  4 jackals (D:1)
  19 kobolds
  2 quokkas
  6 giant newts
  A jackal skeleton (D:3)
  A quokka zombie (D:6)
  4 rats
146 creatures vanquished.

Notes
Turn   | Place    | Note
-------+----------+-------------------------------------------
     0 | D:1      | epen the Merfolk Monk began the quest for the Orb.
     0 | D:1      | Reached XP level 1. HP: 18/18 MP: 1/1
   285 | D:1      | Reached XP level 2. HP: 24/24 MP: 2/2
   691 | D:1      | Reached skill level 4 in Unarmed Combat
   710 | D:1      | Reached XP level 3. HP: 26/30 MP: 3/3
  1063 | D:2      | Found a faded altar of an unknown god.
  1179 | D:2      | Found a sacrificial altar of Ru.
  1258 | D:2      | Reached XP level 4. HP: 32/37 MP: 4/4
  1555 | D:3      | Found a burning altar of Makhleb.
  2063 | D:3      | Found a glowing drain.
  2082 | Sewer    | Entered a sewer
  2181 | Sewer    | Noticed Aquadorian's ghost (novice DsFi)
  2548 | Sewer    | Noticed a big kobold
  2548 | Sewer    | Noticed a big kobold
  2621 | Sewer    | Killed a big kobold
  2621 | Sewer    | Reached skill level 5 in Dodging
  2621 | Sewer    | Reached skill level 5 in Unarmed Combat
  2621 | Sewer    | Reached XP level 5. HP: 23/43 MP: 5/5
  2695 | Sewer    | Killed a big kobold
  2695 | Sewer    | Reached XP level 6. HP: 44/49 MP: 6/6
  2741 | Sewer    | Reached skill level 6 in Unarmed Combat
  2820 | Sewer    | Killed Aquadorian's ghost
  2820 | Sewer    | Reached skill level 5 in Fighting
  2820 | Sewer    | Reached skill level 7 in Unarmed Combat
  2820 | Sewer    | Reached XP level 7. HP: 52/56 MP: 7/7
  3067 | D:4      | Noticed Malvoorn's ghost (amateur MiBe)
  3101 | D:4      | Found Lecwatec's General Store.
  3167 | D:4      | Reached XP level 8. HP: 64/64 MP: 8/8
  4204 | D:4      | HP: 3/64 [Malvoorn's ghost (7)]
  4213 | D:3      | Got a faintly glowing dagger {elec}
  4299 | D:3      | Identified the +4 dagger "Durph" {elec, rC- rN+ Int+4} (You took it off an orc wizard on level 3 of the Dungeon)
  4311 | D:4      | Killed Malvoorn's ghost
  4311 | D:4      | Reached skill level 8 in Unarmed Combat
  4398 | D:5      | Entered Level 5 of the Dungeon
  4546 | D:5      | Found a white marble altar of Elyvilon.
  4546 | D:5      | Found a runed door.
  4546 | D:5      | Noticed an angel
  5125 | D:6      | Reached skill level 9 in Unarmed Combat
  5326 | D:6      | Noticed Grinder
  5336 | D:6      | Paralysed by Grinder for 4 turns
  5341 | D:6      | Paralysed by Grinder for 2 turns
  5345 | D:6      | Killed Grinder
  5345 | D:6      | Reached XP level 9. HP: 64/72 MP: 9/9
  5609 | D:7      | Found a shadowy altar of Dithmenos.
  5694 | D:7      | Found a hazy altar of Hepliaklqana.
  5718 | D:7      | Reached skill level 10 in Unarmed Combat
  5754 | D:7      | Found a staircase to the Ecumenical Temple.
  5790 | Temple   | Entered the Ecumenical Temple
  5903 | Temple   | Became a worshipper of Cheibriados the Contemplative
  5903 | Temple   | Reached * piety under Cheibriados
  5903 | Temple   | Reached ** piety under Cheibriados
  6256 | D:7      | Found Qopijet's Book Emporium.
  6385 | D:8      | Found a glowing golden altar of the Shining One.
  6423 | D:8      | Noticed Erica
  6444 | D:8      | Killed from afar by Erica

Vault maps used:
D:1:      dpeg_arrival_yet_another_circle, st_stairs_3
D:2:      hangedman_ru_absence, ecumenical_altar_1
D:3:      lemuel_coloured_pillars_altar, portal_sewer_entry_d, minivault_24
D:4:      first_bread, serial_shops, nicolae_shop_competitors_out_of_business
D:5:      lemuel_angel_altar
D:6:      uniq_grinder
D:7:      lemuel_crystal_altar, old_standard_altar, serial_shops,
          kennysheep_mini_moat, hangedman_abyss_or_decor_lesser_grid
D:8:      yredelemnul_forgotten_temple_becter, tso_metal_star, uniq_erica
Temple:   eino_narrow_crystal_temple
Sewer:    kennysheep_pipe_town

Skill      XL: |  1  2  3  4  5  6  7  8  9 |
---------------+----------------------------+-----
Unarmed Combat | 4 5 7 9 10 | 10.2
Fighting       | 4 5 7 |  7.6
Dodging        | 5 6 8 9 |  9.4
Stealth        | |  2.1

Action                   |  1- 3 |  4- 6 |  7- 9 || total
-------------------------+-------+-------+-------++-------
Melee: Unarmed           |   136 |   188 |   140 ||   464
       Punch             |     2 |     4 |    19 ||    25
       Tailslap          |       |    18 |       ||    18
       Dagger            |       |       |   219 ||   219
 Abil: Evoke Berserk Rag |     1 |     1 |       ||     2
  Use: Scroll            |       |     2 |     8 ||    10
       Potion            |       |       |     4 ||     4
 Stab: Sleeping          |       |     2 |    10 ||    12
       Distracted        |       |       |     1 ||     1
  Eat: Chunk             |     2 |       |    11 ||    13
       Meat ration       |       |     1 |       ||     1
Armor: Robe              |    20 |    23 |    50 ||    93
Dodge: Dodged            |   126 |   220 |   258 ||   604
